 Dungeon Crawl Stone Soup version 0.22-a0-284-g99d1f7439c (webtiles) character file.

5407 RKaid the Slicer (level 10, -9/64 HPs)
             Began as a Kobold Artificer on Mar 21, 2018.
             Was a Priest of Nemelex Xobeh.
             Killed from afar by a raiju (15 damage)
             ... with a living lightning
             ... on level 1 of the Abyss.
             The game lasted 00:53:03 (14585 turns).

RKaid the Slicer (Kobold Artificer)                Turns: 14585, Time: 00:53:03

Health: -9/64      AC: 10    Str: 13    XL:     10   Next: 99%
Magic:  15/15      EV: 15    Int: 12    God:    Nemelex Xobeh [***...]
Gold:   451        SH:  6    Dex: 16    Spells: 5/9 levels left

rFire    + . .     SeeInvis .   b - +1 hunting sling
rCold    + . .     Gourm    .   p - +0 buckler
rNeg     . . .     Faith    .   m - +0 ring mail
rPois    .         Spirit   .   u - +1 helmet
rElec    .         Reflect  .   G - scarf {rC+ rF+}
rCorr    .         Harm     .   (no gloves)
MR       .....                  r - +2 pair of boots
Stlth    ++........             s - amulet of rage {+Rage}
HPRegen  0.00/turn              x - ring of stealth {Stlth+}
MPRegen  0.14/turn              E - ring of wizardry {Wiz+}

@: non-regenerating, diseased, hasted, very quick
A: small, carnivore
a: Triple Draw, Renounce Religion, Evoke Berserk Rage


You were on level 1 of the Abyss.
You worshipped Nemelex Xobeh.
Nemelex Xobeh was most pleased with you.
You were full.

You visited 2 branches of the dungeon, and saw 10 of its levels.
You visited the Abyss 1 time.

You collected 451 gold pieces.

Inventory:

Hand Weapons
 a - a +1 dagger of draining
   (You found it on level 8 of the Dungeon)
 b - a +1 hunting sling (weapon)
   (You found it on level 1 of the Dungeon)
 j - a +2 antimagic trident
   (You took it off an orc on level 2 of the Dungeon)
 K - a +0 short sword
Missiles
 g - 198 stones
 q - 12 poisoned needles
 D - 54 sling bullets (quivered)
 F - a throwing net {=f}
Armour
 m - a +0 ring mail (worn)
   (You found it on level 1 of the Dungeon)
 p - a +0 buckler (worn)
   (You found it on level 2 of the Dungeon)
 r - a +2 pair of boots (worn)
   (You found it on level 2 of the Dungeon)
 u - a +1 helmet (worn)
   (You found it on level 2 of the Dungeon)
 G - a scarf of resistance (worn)
   (You found it on level 7 of the Dungeon)
Jewellery
 l - an uncursed ring of fire {rF+, rC-}
   (You found it on level 6 of the Dungeon)
 s - an amulet of rage (around neck) {+Rage}
   (You found it on level 2 of the Dungeon)
 x - a ring of stealth (left hand) {Stlth+}
   (You found it on level 6 of the Dungeon)
 z - a +2 ring of strength
   (You found it on level 5 of the Dungeon)
 E - a ring of wizardry (right hand) {Wiz+}
   (You took it off a wight on level 8 of the Dungeon)
Wands
 d - a wand of enslavement (2)
 e - a wand of random effects (7)
 w - a wand of flame (1)
 y - a wand of iceblast (3)
   (You took it off Ijyb on level 2 of the Dungeon)
 J - a wand of disintegration (1)
   (You found it on level 8 of the Dungeon)
Scrolls
 o - 7 scrolls of remove curse
 P - a scroll of immolation {!r}
 R - a scroll of enchant armour
Potions
 k - a potion of cancellation
 t - 2 potions of invisibility
 C - a potion of brilliance {unknown}
 H - 2 potions of resistance
 L - 2 potions of lignification {!q}
 Q - 2 potions of magic
Miscellaneous
 M - a plain deck of destruction {drawn: 7}
   (Nemelex Xobeh gifted it to you on level 8 of the Dungeon)
 N - a crystal ball of energy
   (You found it on level 8 of the Dungeon)
Comestibles
 f - 14 rations


   Skills:
 + Level 7.8 Fighting
 - Level 11.5 Short Blades
 + Level 4.6 Dodging
 - Level 1.3 Stealth
 + Level 5.2 Shields
 - Level 2.2 Necromancy
 + Level 7.1 Invocations
 - Level 5.0 Evocations


You had 5 spell levels left.
You knew the following spells:

 Your Spells              Type           Power        Failure   Level  Hunger
A - Apportation           Tloc           #.....       28%         1    ##.....
B - Passwall              Tmut/Erth      #.........   41%         2    ###....
C - Animate Skeleton      Necr           N/A          12%         1    ##.....


Dungeon Overview and Level Annotations

Branches:
Dungeon (9/15)             Temple (1/1) D:7
   Lair: D:8-11         Orc: D:9-12

Altars:
Gozag
Nemelex Xobeh
Sif Muna
Trog
Vehumet
Yredelemnul
Zin

Shops:
D:8 [

Annotations:
D:4 Azzok's ghost, novice MiFi
D:5 Infinimo's ghost, novice NaFE
D:7 exclusion: downstairs
D:8 Azzok's ghost, novice MiFi
D:9 exclusion: 4 death yaks, Erolcha; Joseph


Innate Abilities, Weirdness & Mutations

You are small and have problems with some larger weapons.
You are carnivorous and can eat meat at any time.


Message History

You start resting.
You are suddenly pulled into a different region of the Abyss!
You start resting.
A small abomination materialises.
Firing (i - inventory. (/) - cycle)
D - 55 sling bullets (quivered)
Press: ? - help, Shift-Dir - straight line, f - small abomination
Aim: a small abomination You shoot a sling bullet.
The sling bullet barely misses the small abomination.
You block the small abomination's attack.
Firing (i - inventory. (/) - cycle)
D - 54 sling bullets (quivered)
Press: ? - help, Shift-Dir - straight line, f/p - small abomination
Aim: a small abomination You shoot a sling bullet.
The sling bullet hits the small abomination.
The small abomination hits you.
Firing (i - inventory. (/) - cycle)
D - 53 sling bullets (quivered)
Press: ? - help, Shift-Dir - straight line, f/p - small abomination
Aim: a small abomination (lightly damaged)
You shoot a sling bullet.
The sling bullet hits the small abomination.
The small abomination hits you but does no damage.
The small abomination misses you.
Firing (i - inventory. (/) - cycle)
D - 52 sling bullets (quivered)
Press: ? - help, Shift-Dir - straight line, f/p - small abomination
Aim: a small abomination (moderately damaged)
You shoot a sling bullet.
The sling bullet hits the small abomination.
The small abomination hits you!
Firing (i - inventory. (/) - cycle)
D - 51 sling bullets (quivered)
Press: ? - help, Shift-Dir - straight line, f/p - small abomination
Aim: a small abomination (heavily damaged)
You shoot a sling bullet.
The sling bullet hits the small abomination.
The small abomination hits you but does no damage.
You block the small abomination's attack.
Firing (i - inventory. (/) - cycle)
D - 50 sling bullets (quivered)
Press: ? - help, Shift-Dir - straight line, f/p - small abomination
Aim: a small abomination (severely damaged)
You shoot a sling bullet.
The sling bullet hits the small abomination.
The small abomination closely misses you.
Firing (i - inventory. (/) - cycle)
D - 49 sling bullets (quivered)
Press: ? - help, Shift-Dir - straight line, f/p - small abomination
Aim: a small abomination (severely damaged)
You shoot a sling bullet.
The sling bullet closely misses the small abomination.
The small abomination hits you!
The small abomination closely misses you.
Firing (i - inventory. (/) - cycle)
D - 48 sling bullets (quivered)
Press: ? - help, Shift-Dir - straight line, f/p - small abomination
Aim: a small abomination (severely damaged)
You shoot a sling bullet.
The sling bullet hits the small abomination.
The small abomination hits you.
* * * LOW HITPOINT WARNING * * *
You are too injured to fight recklessly!
You are too injured to fight recklessly!
You are too injured to fight recklessly!
You are too injured to fight recklessly!
You are too injured to fight recklessly!
Firing (i - inventory. (/) - cycle)
D - 47 sling bullets (quivered)
Press: ? - help, Shift-Dir - straight line, f/p - small abomination
Aim: a small abomination (almost destroyed)
You shoot a sling bullet.
The sling bullet barely misses the small abomination.
The small abomination hits you.
* * * LOW HITPOINT WARNING * * *
Firing (i - inventory. (/) - cycle)
D - 46 sling bullets (quivered)
Press: ? - help, Shift-Dir - straight line, f/p - small abomination
Aim: a small abomination (almost destroyed)
You shoot a sling bullet.
The sling bullet hits the small abomination.
You destroy the small abomination!
D - 52 sling bullets (gained 7)
D - 54 sling bullets (gained 2)
You start resting.
A small abomination comes into view.
An ancient zyme comes into view.
You feel yourself growing ill in the presence of the ancient zyme.
Really attack while wielding your +1 hunting sling?
Okay, then.
The small abomination hits you!!
* * * LOW HITPOINT WARNING * * *
You feel ill.
The small abomination hits you but does no damage.
You feel ill. The small abomination hits you.
* * * LOW HITPOINT WARNING * * *
The small abomination hits you!
* * * LOW HITPOINT WARNING * * *
You feel yourself speed up.
You block the small abomination's attack. 3 raiju come into view.
The raiju barks! x3
The raiju looks sick.
The raiju bursts into living lightning!
The living lightning hits you!
You die...
Your body disappears without a glow.

#..# x# #..# #.. #.. .#
# #.####..#.# ####
######....#..#.# #...
#......##... #.
##...###.....##.######
..#.....#.....x....x....
.......@.....#.####. ..#
.........h...#.# #....#
.........hh....# #....#
..#.....#ยงยง..........
.# . ##...###.....##
.....# #.... ......#
#.....# ...... ...h....
.##### .##### .##.## # #


You could see 4 raiju and a small abomination.

Vanquished Creatures
  A centaur zombie (D:9)
  A water moccasin (D:9)
  2 orc warriors
  4 ice beasts
  A sky beast (D:6)
  2 killer bees (D:7)
  2 phantoms
  2 ogres
  5 centaurs
  The ghost of Azzok the Digger, an amateur GrEE (D:3)
  2 bullfrogs (D:9)
  A small abomination (Abyss:1)
  A wyvern skeleton (D:6)
  2 scorpions
  3 wights
  A howler monkey (D:8)
  A bullfrog zombie (D:6)
  3 crimson imps
  5 hounds
  2 jellies
  2 bullfrog skeletons
  2 orc priests
  A centaur skeleton (D:4)
  Ijyb (D:2)
  7 orc wizards
  2 worker ants
  2 iguanas (D:7)
  3 gnolls (D:3)
  A howler monkey skeleton (D:5)
  6 adders
  2 shadow imps
  2 oozes
  2 adder zombies (D:9)
  An adder skeleton (D:4)
  2 worms (D:2)
  8 leopard geckos
  15 orcs
  A ball python (D:3)
  4 giant cockroaches
  2 gnoll zombies (D:3)
  8 goblins
  8 hobgoblins
  3 quokkas
  10 bats
  5 frilled lizards
  6 kobolds
  A quokka zombie (D:8)
  8 rats
157 creatures vanquished.

Vanquished Creatures (collateral kills)
  Gastronok (D:8)
  A death yak (D:9)
  Maurice (D:8)
  A centaur (D:7)
  An orc wizard (D:7)
  An adder (D:7)
  An adder zombie (D:5)
  5 orcs
  A kobold (D:1)
13 creatures vanquished.

Vanquished Creatures (others)
  A worldbinder (Abyss:1)
  A killer bee (D:7)
  2 wights (D:8)
  4 hounds
  An adder (D:7)
  A ball lightning (D:7)
  An orc (D:2)
11 creatures vanquished.

Grand Total: 181 creatures vanquished

Notes
Turn   | Place    | Note
-------+----------+-------------------------------------------
     0 | D:1      | RKaid the Kobold Artificer began the quest for the Orb.
     0 | D:1      | Reached XP level 1. HP: 12/12 MP: 3/3
   179 | D:1      | Reached skill level 2 in Short Blades
   185 | D:1      | Reached XP level 2. HP: 13/16 MP: 4/4
   781 | D:1      | HP: 4/16 [hobgoblin/club (4)]
   810 | D:1      | Reached XP level 3. HP: 7/21 MP: 5/5
  1004 | D:1      | Reached skill level 4 in Evocations
  1242 | D:1      | Reached skill level 3 in Short Blades
  1656 | D:2      | Found a bloodstained altar of Trog.
  1964 | D:2      | Reached skill level 2 in Fighting
  1964 | D:2      | Reached XP level 4. HP: 19/26 MP: 7/7
  2088 | D:2      | Found a sparkling altar of Nemelex Xobeh.
  2092 | D:2      | Became a worshipper of Nemelex Xobeh the Trickster
  2266 | D:2      | Received a gift from Nemelex Xobeh
  2328 | D:2      | Reached skill level 4 in Short Blades
  2452 | D:3      | Reached XP level 5. HP: 24/31 MP: 8/8
  2494 | D:3      | Noticed Azzok's ghost (amateur GrEE)
  3005 | D:3      | Noticed Ijyb
  3042 | D:2      | Killed Ijyb
  3550 | D:3      | Reached skill level 5 in Short Blades
  3564 | D:3      | Reached XP level 6. HP: 36/36 MP: 9/9
  3659 | D:3      | Reached skill level 1 in Invocations
  3751 | D:3      | Found a deep blue altar of Sif Muna.
  3815 | D:3      | Reached skill level 3 in Fighting
  3862 | D:3      | Found a basalt altar of Yredelemnul.
  4062 | D:3      | Killed Azzok's ghost
  4062 | D:3      | Reached skill level 5 in Evocations
  4736 | D:4      | Reached XP level 7. HP: 41/41 MP: 10/10
  4826 | D:4      | Reached skill level 6 in Short Blades
  4826 | D:4      | Reached skill level 2 in Invocations
  4859 | D:4      | Noticed Azzok's ghost (novice MiFi)
  5076 | D:4      | Reached skill level 1 in Shields
  5444 | D:5      | Entered Level 5 of the Dungeon
  5615 | D:4      | Reached * piety under Nemelex Xobeh
  5686 | D:3      | HP: 10/41 [poisoned by Azzok's ghost]
  6529 | D:5      | Noticed Infinimo's ghost (novice NaFE)
  6913 | D:6      | HP: 8/42 [ogre/giant spiked club (12)]
  6914 | D:6      | Reached skill level 4 in Fighting
  6914 | D:6      | Reached skill level 7 in Short Blades
  6914 | D:6      | Reached XP level 8. HP: 9/48 MP: 11/11
  7291 | D:6      | Reached skill level 3 in Invocations
  7442 | D:5      | Reached skill level 2 in Shields
  7770 | D:6      | Reached ** piety under Nemelex Xobeh
  8150 | D:6      | Reached skill level 8 in Short Blades
  8806 | D:7      | Received a gift from Nemelex Xobeh
  8939 | D:7      | Reached skill level 5 in Fighting
  8939 | D:7      | Reached skill level 4 in Invocations
  9018 | D:7      | Found a staircase to the Ecumenical Temple.
  9072 | D:7      | HP: 12/49 [something (7)]
  9091 | D:7      | Noticed a vampire
  9152 | D:7      | HP: 11/49 [centaur/arrow (8)]
  9422 | D:7      | Received a gift from Nemelex Xobeh
  9703 | D:7      | Reached skill level 9 in Short Blades
  9703 | D:7      | Reached XP level 9. HP: 46/54 MP: 12/12
  9727 | D:7      | Reached skill level 3 in Shields
 10098 | D:7      | Noticed an ice devil
 10425 | Temple   | Entered the Ecumenical Temple
 10572 | D:8      | Found Iluzezin's Armour Shop.
 10572 | D:8      | Noticed Maurice
 10858 | D:8      | Reached skill level 10 in Short Blades
 10861 | D:8      | Reached skill level 5 in Invocations
 10869 | D:8      | Noticed Gastronok
 10870 | D:8      | HP: 12/55 [Gastronok/the air (29)]
 10896 | D:8      | Reached *** piety under Nemelex Xobeh
 11134 | D:7      | Learned a level 1 spell: Animate Skeleton
 11136 | D:7      | Learned a level 1 spell: Apportation
 11550 | D:8      | Killed Gastronok
 11550 | D:8      | Reached skill level 6 in Fighting
 11550 | D:8      | Reached skill level 11 in Short Blades
 11550 | D:8      | Reached skill level 4 in Shields
 11550 | D:8      | Reached XP level 10. HP: 61/61 MP: 12/14
 11615 | D:8      | Noticed Azzok's ghost (novice MiFi)
 11636 | D:8      | Received a gift from Nemelex Xobeh
 11943 | D:8      | Killed Maurice
 11943 | D:8      | Reached skill level 6 in Invocations
 12577 | D:9      | Reached skill level 7 in Fighting
 12577 | D:9      | Reached skill level 3 in Dodging
 12884 | D:9      | Learned a level 2 spell: Passwall
 13247 | D:9      | Noticed a death yak
 13284 | D:9      | Killed a death yak
 13284 | D:9      | Reached skill level 1 in Necromancy
 13419 | D:9      | Reached skill level 4 in Dodging
 13419 | D:9      | Reached skill level 5 in Shields
 13447 | D:9      | Noticed a death yak
 13452 | D:9      | Noticed a death yak
 13452 | D:9      | Noticed a death yak
 13610 | D:9      | Found a glowing silver altar of Zin.
 13611 | D:9      | Found a radiant altar of Vehumet.
 13863 | D:9      | Noticed Joseph
 13876 | D:9      | Noticed a death yak
 14218 | D:9      | Reached skill level 7 in Invocations
 14220 | D:9      | Noticed Erolcha
 14255 | D:9      | HP: 12/64 [something (14)]
 14256 | D:9      | Cast into level 1 of the Abyss (Erolcha)
 14324 | Abyss:1  | Noticed a worldbinder
 14337 | Abyss:1  | Noticed a necromancer
 14356 | Abyss:1  | Noticed a necromancer
 14370 | Abyss:1  | HP: 16/64 [worldbinder (2)]
 14383 | Abyss:1  | Noticed a necromancer
 14387 | Abyss:1  | HP: 16/64 [worldbinder (2)]
 14389 | Abyss:1  | Killed a worldbinder
 14389 | Abyss:1  | Reached skill level 2 in Necromancy
 14468 | Abyss:1  | HP: 14/64 [small abomination (4)]
 14561 | Abyss:1  | HP: 15/64 [small abomination (18)]
 14565 | Abyss:1  | HP: 6/64 [small abomination (7)]
 14585 | Abyss:1  | Killed from afar by a raiju

Vault maps used:
D:1:      minmay_arrival_solitary_statue, serial_curves, eino_curves_03,
          eino_curves_01
D:2:      bloody_trog, nemelex_lonely_heart_becter
D:3:      lemuel_zombie_altar_yredelemnul, lemuel_doored_altar, first_ration,
          uniq_ijyb
D:5:      grunt_temple_overflow_champion_of_chaos, nicolae_ru_awakened_eye,
          uniq_blork_the_orc
D:6:      serial_co_window_serial, co_window_paths_b, co_window_paths_a,
          co_window_corner_a, co_window_paths_a, co_window_corner_a,
          co_window_paths_a, co_window_paths_b, co_window_paths_c,
          co_window_cross_4, co_window_corner_b, co_window_sun,
          co_window_paths_d, glass_columns_b, glass_columns_c, glass_columns_a,
          glass_columns_a, glass_columns_b
D:7:      minmay_temple_entry_mist, grunt_livestock,
          kennysheep_decorative_pillar, hangedman_decor_riveting
D:8:      serial_shops, shop, minmay_radiant, uniq_gastronok, uniq_maurice
D:9:      gammafunk_temple_overflow_statue, dpeg_lair_monsters, uniq_joseph,
          uniq_erolcha
Temple:   nicolae_temple_great_sept
Abyss:1:  evilmike_abyss_exit_11

Skill      XL: |  1  2  3  4  5  6  7  8  9 10 |
---------------+-------------------------------+-----
Short Blades   | 2 3 4 5 7 9 11 | 11.5
Evocations     | 4 5 |  5.0
Fighting       | 2 3 4 5 6 7 |  7.8
Invocations    | 1 2 4 5 7 |  7.1
Shields        | 1 2 4 5 |  5.2
Dodging        | 4 |  4.6
Necromancy     | 2 |  2.2
Stealth        | |  1.3

Action                   |  1- 3 |  4- 6 |  7- 9 | 10-12 || total
-------------------------+-------+-------+-------+-------++-------
Melee: Short sword       |   111 |   233 |   400 |    25 ||   769
       Dagger            |       |       |       |   135 ||   135
 Fire: Hunting sling     |    22 |    83 |    55 |   175 ||   335
Throw: Stone             |     2 |       |       |       ||     2
 Cast: Animate Skeleton  |       |       |       |     1 ||     1
Invok: Triple Draw       |       |       |       |     1 ||     1
Evoke: Wand              |     6 |    17 |    43 |     3 ||    69
       Deck              |       |     1 |    13 |    17 ||    31
  Use: Scroll            |       |       |    16 |     6 ||    22
       Potion            |       |       |     5 |     4 ||     9
 Stab: Paralysed         |     2 |       |       |       ||     2
       Sleeping          |       |       |     2 |     1 ||     3
  Eat: Chunk             |    11 |    10 |    19 |     9 ||    49
Armor: Leather armour    |    18 |       |       |       ||    18
       Ring mail         |     3 |   112 |    95 |    61 ||   271
Dodge: Dodged            |    98 |   127 |   204 |   111 ||   540
Block: Buckler           |     2 |    54 |   100 |    47 ||   203

Table legend:
 A = Spawn XP
 B = Non-spawn XP
 C = Spawn XP percentage of total XP
 D = Spawn monster count
 E = Non-spawn monster count
 F = Spawn count percentage of total count
 G = Total turns spent on level
                    A         B        C        D         E        F      G
               +---------+---------+-------+---------+---------+-------+---------
         Total |     584 |    7141 |   7.6 |       2 |     173 |   1.1 | 14585
               +---------+---------+-------+---------+---------+-------+---------
           D:1 |       0 |      39 |   0.0 |       0 |      23 |   0.0 |  1455
           D:2 |       0 |     172 |   0.0 |       0 |      21 |   0.0 |  2074
           D:3 |       0 |     278 |   0.0 |       0 |      31 |   0.0 |  1760
           D:4 |       0 |     149 |   0.0 |       0 |       9 |   0.0 |   734
           D:5 |       0 |     179 |   0.0 |       0 |       8 |   0.0 |   773
           D:6 |       0 |     840 |   0.0 |       0 |      18 |   0.0 |  2305
           D:7 |       0 |    1019 |   0.0 |       0 |      21 |   0.0 |  1889
           D:8 |       0 |    2254 |   0.0 |       0 |      19 |   0.0 |  1646
           D:9 |       0 |    2211 |   0.0 |       0 |      23 |   0.0 |  1611
       Abyss:1 |     584 |       0 | 100.0 |       2 |       0 | 100.0 |   329
               +---------+---------+-------+---------+---------+-------+---------

Table legend:
 A = Turns spent in this place as a percentage of turns spent in the entire game.
 B = Non-inter-level travel turns spent in this place as a percentage of non-inter-level travel turns spent in the entire game.
 C = Inter-level travel turns spent in this place as a percentage of turns spent in this place.
 D = Turns resting spent in this place as a percentage of non-inter-level travel turns spent in this place.
 E = Turns spent auto-exploring this place as a percentage of non-inter-level travel turns spent in this place.
 F = Non-inter-level travel turns spent in this place divided by the number of levels of this place that you've seen.
                   A       B       C       D       E      F
               +-------+-------+-------+-------+-------+----------------------
         Total | 100.0 | 100.0 |   4.1 |  41.1 |  27.8 | 1271.3
       Dungeon |  97.7 |  97.6 |   4.2 |  40.7 |  28.5 | 1516.2
        Temple |   0.1 |   0.1 |   0.0 |   0.0 |   0.0 |   9.0
         Abyss |   2.3 |   2.4 |   0.0 |  60.8 |   0.0 | 329.0
               +-------+-------+-------+-------+-------+----------------------

Table legend:
 A = Kills in this place as a percentage of kills in entire the game.
 B = Kills by you in this place as a percentage of kills by you in the entire game.
 C = Kills by friends in this place as a percentage of kills by friends in the entire game.
 D = Other kills in this place as a percentage of other kills in the entire game.
 E = Experience gained in this place as a percentage of experience gained in the entire game.
 F = Experience gained in this place divided by the number of levels of this place that you have seen.
                   A       B       C       D       E      F
               +-------+-------+-------+-------+-------+----------------------
         Total | 100.0 | 100.0 | 100.0 | 100.0 | 100.0 | 702.3
       Dungeon |  98.9 |  99.4 | 100.0 |  80.0 |  92.4 | 793.4
         Abyss |   1.1 |   0.6 |   0.0 |  20.0 |   7.6 | 584.0
               +-------+-------+-------+-------+-------+----------------------
